 Dungeon Crawl Stone Soup version 0.29.1-12-g30fa7ad0bf (webtiles) character file.

Game seed: 18209523963931359259

423 KittyFluff the Cudgeller (level 6, 0/39 HPs)
             Began as a Gargoyle Berserker on Jan 15, 2023.
             Was a Priest of Trog.
             Slain by a rat (1 damage)
             ... summoned by Eustachio
             ... on level 5 of the Dungeon.
             The game lasted 00:15:25 (4261 turns).

KittyFluff the Cudgeller (Gargoyle Berserker)       Turns: 4261, Time: 00:15:26

Health: 0/39       AC: 12    Str: 20    XL:     6   Next: 95%
Magic:  0/6        EV: 11    Int:  8    God:    Trog [***...]
Gold:   226        SH:  4    Dex: 11    Spells: 5/5 levels left

rFire   . . .      SeeInvis .   s - +0 flail
rCold   . . .      Faith    .   j - +0 buckler
rNeg    + . .      Spirit   +   m - +0 leather armour
rPois   ∞          Reflect  .   v - +2 helmet
rElec   +          Harm     .   n - +0 cloak
rCorr   .          Rampage  .   (no gloves)
Will    .....                   (no boots)
Stlth   +.........              f - amulet of guardian spirit
HPRegen 0.13/turn               (no ring)
MPRegen 0.10/turn               (no ring)

@: no status effects
A: sickness immunity, AC +4, negative energy resistance 1, electricity
resistance, torment resistance 1, petrification resistance
a: Renounce Religion, Berserk, Trog's Hand


You were on level 5 of the Dungeon.
You worshipped Trog.
Trog was most pleased with you.
You visited 1 branch of the dungeon, and saw 5 of its levels.

You collected 226 gold pieces.

Inventory:

Hand Weapons
 a - a +0 mace
 s - a +0 flail (weapon)
Missiles
 e - 43 stones (quivered)
 h - 3 atropa-tipped darts
Armour
 j - a +0 buckler (worn)
 m - a +0 leather armour (worn)
 n - a +0 cloak (worn)
 p - a +0 ring mail
 t - a +0 scale mail
 v - a +2 helmet (worn)
Jewellery
 f - an amulet of guardian spirit (around neck)
Wands
 x - a wand of digging (6)
Scrolls
 b - a scroll of teleportation {unknown}
 g - a scroll of poison {unknown}
 i - 2 scrolls of enchant armour {unknown}
 l - a scroll of blinking {unknown}
 o - a scroll of torment {unknown}
 u - a scroll of noise {unknown}
 y - a scroll of vulnerability {unknown}
Potions
 c - a potion of heal wounds
 d - 4 potions of curing
 k - a potion of mutation
 q - 2 potions of attraction {unknown}
 r - a potion of ambrosia {unknown}
 w - a potion of haste {unknown}


   Skills:
 + Level 4.4 Fighting
 * Level 4.7 Maces & Flails
 * Level 4.5 Armour
 + Level 2.7 Dodging
 + Level 2.1 Shields


You had 5 spell levels left.
You didn't know any spells.
Your spell library was empty.

Dungeon Overview and Level Annotations

Branches:
Dungeon (5/15)             Temple (0/1) D:4

Altars:
Gozag

Annotations:
D:5 Eustachio


Innate Abilities, Weirdness & Mutations

You are immune to sickness and miasma.
Your stone body is resilient. (AC +4)
You are immune to poison.
You resist negative energy. (rN+)
You are resistant to electric shocks. (rElec)
You are resistant to unholy torment.
You are immune to petrification.


Message History

You block the crimson imp's attack.
The shadow imp disappears in a puff of smoke!
The bat closely misses you. The bat hits you but does no damage.
The rat bites you but does no damage. The quokka barely misses you.
The rat attacks as you move away! The rat barely misses you.
Eustachio mumbles some strange words.
Eustachio blinks!
The bat closely misses you. The crimson imp closely misses you.
The crimson imp disappears in a puff of smoke! x2
The bat hits you but does no damage. The rat barely misses you.
Eustachio mumbles some strange words.
The rat twitches its whiskers.
The rat completely misses you. The quokka closely misses you.
The rat attacks as you move away! The rat bites you but does no damage.
The rat attacks as you move away! The rat misses you.
The quokka bites you but does no damage.
The white imp gestures at you.
The puff of frost hits you but does no damage.
The white imp gestures at you. The puff of frost hits you.
The quokka attacks as you move away! You block the quokka's attack.
The rat attacks as you move away! The rat bites you.
Eustachio closely misses you. The white imp barely misses you.
The white imp gestures at you. The puff of frost hits you!
* * * LOW HITPOINT WARNING * * *
You hit Eustachio.
Eustachio is severely wounded.
The bat hits you but does no damage.
The quokka bites you but does no damage.
You block Eustachio's attack. The rat bites you.
* * * LOW HITPOINT WARNING * * *
You block the ufetubus's attack. The ufetubus misses you.
The quokka bites you but does no damage.
The white imp hits you but does no damage.
Eustachio hits you with a +0 falchion!
* * * LOW HITPOINT WARNING * * *
The rat bites you.
You die...

.. #.....#
#...†... ..
#.....#
########
#..#<....#
##..##...##
.#...##...##
...........#
.@.........#
#####5@5..#
##5b@...#
#).rrr.##
#.8...##
#....##
##...# ##..#
...# ....#
######


You could see Eustachio, 2 white imps, an ufetubus (summoned), a quokka
(summoned), a bat (summoned) and 2 rats.

Vanquished Creatures
  An ogre (D:4)
  A necrophage (D:5)
  A howler monkey (D:4)
  A jelly (D:5)
  An orc priest (D:3)
  A hound (D:5)
  6 adders
  A worm (D:4)
  2 dart slugs (D:3)
  3 orcs (D:3)
  8 endoplasms
  3 giant cockroaches
  7 goblins
  7 hobgoblins
  7 jackals (D:1)
  5 quokkas
  9 ball pythons
  5 bats
  A frilled lizard (D:2)
  8 kobolds
  6 rats
84 creatures vanquished.

Notes
Turn   | Place    | Note
-------+----------+-------------------------------------------
     0 | D:1      | KittyFluff the Gargoyle Berserker began the quest for the
                  | Orb.
     0 | D:1      | Reached XP level 1. HP: 14/14 MP: 1/1
   385 | D:1      | Reached XP level 2. HP: 19/19 MP: 2/2
   608 | D:1      | Reached XP level 3. HP: 21/23 MP: 3/3
   751 | D:1      | Reached ** piety under Trog
  1055 | D:2      | Found a faded altar of an unknown god.
  1317 | D:2      | Reached XP level 4. HP: 28/29 MP: 4/4
  2522 | D:3      | Reached skill level 1 in Shields
  2522 | D:3      | Reached XP level 5. HP: 12/33 MP: 2/5
  2863 | D:4      | Reached *** piety under Trog
  2900 | D:4      | Noticed an ogre
  2905 | D:4      | Killed an ogre
  2906 | D:4      | Reached XP level 6. HP: 15/38 MP: 1/6
  3459 | D:4      | Found an opulent altar of Gozag.
  3840 | D:4      | Found a staircase to the Ecumenical Temple.
  4005 | D:5      | Entered Level 5 of the Dungeon
  4222 | D:5      | Noticed Eustachio
  4261 | D:5      | HP: 1/39 [Eustachio/+0 falchion (6)]
  4261 | D:5      | Slain by a rat

Illustrated notes

Levels and vault maps discovered:
D:1:      erik_arrival_triangle_huge, layout_loops_cross
D:2:      layout_basic, shapermc_ecumenical_altar_mp_ritualfount,
          chequers_serial_rivers_small_a
D:3:      layout_loops_ring, serial_aquarium, aquarium_bridge_square
          [aquarium_subvault_window, aquarium_subvault_bridge,
          aquarium_subvault_wall, aquarium_subvault_window],
          aquarium_bridge_island_small [aquarium_subvault_small_open,
          aquarium_subvault_bridge, aquarium_subvault_wall,
          aquarium_subvault_bridge, aquarium_subvault_wall],
          aquarium_window_corner, aquarium_window_fake, aquarium_view_2c,
          aquarium_view_2c
D:4:      layout_basic, amcnicky_altar_gilded, temple_pool_b,
          kennysheep_generic_room_6
D:5:      layout_gridville, minmay_misc_feat_alley, serial_park_tiny_1,
          st_stairs_11, mrwooster_statue_mirror, uniq_eustachio

Skill      XL: |  1  2  3  4  5  6 |
---------------+-------------------+-----
Armour         | 3 4 |  4.5
Dodging        | 2 |  2.7
Shields        | 1 2 |  2.1
Maces & Flails | 4 |  4.7
Fighting       | 4 |  4.4

Action                   |  1- 3 |  4- 6 || total
-------------------------+-------+-------++-------
Melee: Mace              |   117 |    84 ||   201
       Flail             |       |   117 ||   117
Throw: Stone             |       |     1 ||     1
Invok: Berserk           |       |     1 ||     1
  Use: Scroll            |       |     6 ||     6
 Stab: Sleeping          |     2 |       ||     2
Armor: Animal skin       |    36 |       ||    36
       Leather armour    |     3 |   119 ||   122
Dodge: Dodged            |   100 |   141 ||   241
Block: Buckler           |     6 |    48 ||    54
